Panthers vs Kings

Created - 25 novembre 2015 at 23:12

Goals
1 2 3 T
Panthers 1 1 0 2
Kings 0 1 2 3
Shots
1 2 3 T
Panthers 9 12 7 28
Kings 2 13 16 31

1st period

1. Panthers , Marian Hossa 17 (Sidney Crosby) at 13:49 (PP)

Penalties :
Keith Aulie (Flo) for Holding (Minor) at 7:07, Matt Duchene (LAK) for Holding (Minor) at 13:35, Jordan Nolan (LAK) for Roughing (Minor) at 15:37, Dion Phaneuf (LAK) for Hooking (Minor) at 17:44

2nd period

2. Panthers , Ryan Suter 2 (Marian Hossa, Sidney Crosby) at 2:00 (PP)
3. Kings , Dustin Byfuglien 5 (Tomas Kaberle) at 11:26

Penalties :
Boyd Devereaux (LAK) for Hooking (Minor) at 0:31, Ryan Bayda (Flo) for Hooking (Minor) at 4:11, Peter Prucha (Flo) for Hooking (Minor) at 12:13, Rickard Wallin (Flo) for Roughing (Double Minor) at 15:36, Ryan Suter (Flo) for Hooking (Minor) at 19:50

3rd period

4. Kings , Andrei Kostitsyn 13 (Anze Kopitar, Dion Phaneuf) at 0:27 (PP)
5. Kings , Drew Doughty 4 (Matt Duchene) at 7:08 (PP)

Penalties :
Taylor Hall (Flo) for Roughing (Minor) at 3:30, Scott Gomez (Flo) for Interference (Minor) at 7:06, Rickard Wallin (Flo) for Holding (Minor) at 15:17, Marian Hossa (Flo) for Hooking (Minor) at 19:57

Goalie Stats

Antti Niemi (Flo), 28 saves from 31 shots - (0,903), L, 8-8-2, 60:00 minutes
Viktor Fasth (LAK), 26 saves from 28 shots - (0,929), W, 9-7-0, 60:00 minutes

Players Stats for Panthers

Player Name              G  A  P  +/- PIM S  H  SB GA TA FO     MP     PP MP  PK MP  
------------------------------------------------------------------------------------
Alexander Perezhogin     0  0  0   0  0   2  0  0  1  0  0/0     8:00   0:14   0:00 
Alexei Ponikarovsky      0  0  0   0  0   1  0  0  0  0  0/0    12:52   0:28   5:32 
Branko Radivojevic       0  0  0   0  0   0  0  0  0  0  0/0     6:36   0:00   0:00 
Bryan McCabe             0  0  0   0  0   1  1  3  0  1  0/0    26:52   2:24   5:18 
Jeff Tambellini          0  0  0  -1  0   2  1  1  1  0  0/1    15:22   2:13   0:52 
Keith Aulie              0  0  0   0  2   0  0  1  0  0  0/0     9:11   0:00   0:52 
Marian Hossa             1  1  2   0  2   5  5  1  0  2  0/0    23:48   3:14   7:46 
Mats Sundin              0  0  0   0  0   0  0  1  0  0  2/2     9:18   0:25   0:50 
Nick Schultz             0  0  0   0  0   0  0  0  0  0  0/0    12:29   3:17   1:20 
Peter Prucha             0  0  0  -1  2   3  3  0  0  1  0/1    14:11   2:13   0:00 
Rickard Wallin           0  0  0   0  6   3  0  0  1  0  3/3     6:49   0:00   0:00 
Ryan Bayda               0  0  0   0  2   0  1  0  0  0  0/0     8:02   0:00   0:00 
Ryan Parent              0  0  0   0  0   0  0  2  0  1  0/0    29:18   2:24   8:35 
Ryan Suter               1  0  1  -1  2   1  0  3  0  0  0/0    21:31   3:17   4:59 
Scott Gomez              0  0  0  -1  2   4  3  0  0  0  6/10   18:49   2:13   3:52 
Sidney Crosby            0  2  2   0  0   2  2  1  0  0  19/45  23:54   3:03   8:02 
Taylor Hall              0  0  0   0  2   3  0  0  1  0  1/1    17:26   3:00   2:16 
Tom Preissing            0  0  0  -1  0   1  1  1  0  1  0/0    20:48   0:00   8:06 

Players Stats for Kings

Player Name              G  A  P  +/- PIM S  H  SB GA TA FO     MP     PP MP  PK MP  
------------------------------------------------------------------------------------
Andrei Kostitsyn         1  0  1   0  0   1  2  0  0  0  0/0    18:29   7:35   0:52 
Anze Kopitar             0  1  1   0  0   5  2  0  0  0  15/25  21:02   7:52   1:43 
Boyd Devereaux           0  0  0   0  2   3  1  0  1  1  5/13   14:54   0:00   2:08 
Dion Phaneuf             0  1  1   0  2   0  3  0  0  0  0/0    26:14   8:39   1:19 
Drew Doughty             1  0  1   0  0   4  2  1  2  0  0/0    20:58   8:52   2:24 
Dustin Byfuglien         1  0  1   1  0   2  1  0  0  0  0/0     9:01   1:02   1:33 
Guillaume Latendresse    0  0  0   0  0   2  1  0  0  0  0/0    17:05   5:55   0:00 
Johnny Oduya             0  0  0   1  0   1  0  2  1  0  0/0    23:54   5:43   3:17 
Jordan Nolan             0  0  0   1  2   1  5  0  0  0  0/3    14:19   7:30   0:31 
Loui Eriksson            0  0  0   0  0   0  1  0  0  0  0/0    17:29   5:43   0:00 
Lubomir Visnovsky        0  0  0   0  0   0  0  1  0  0  0/0    11:57   0:00   3:17 
Martin Samuelsson        0  0  0   1  0   0  1  0  0  2  0/0     9:29   0:00   3:02 
Matt Duchene             0  1  1   0  2   1  1  0  0  0  11/19  16:38   5:55   0:00 
Miroslav Satan           0  0  0   0  0   3  2  1  0  0  1/1    12:02   0:42   0:00 
Scottie Upshall          0  0  0   0  0   5  3  1  2  0  0/1    14:13   1:19   1:33 
Tomas Kaberle            0  1  1   0  0   0  0  1  0  1  0/0    15:52   0:00   0:00 
Trevor Daley             0  0  0   1  0   1  1  1  0  0  0/0    14:44   0:13   1:05 
Vladimir Tarasenko       0  0  0   0  0   2  1  0  0  0  0/1    15:55   5:55   0:00 

3 Stars

1 - Marian Hossa (Flo)
2 - Dustin Byfuglien (LAK)
3 - Sidney Crosby (Flo)

Power Play

Panthers - 2 on 4 Attempt(s) - 50,00%
Kings - 2 on 10 Attempt(s) - 20,00%

Penalty Kill

Panthers - 8 on 10 Attempt(s) - 80,00% - Score 0 goal in Penalty Kill
Kings - 2 on 4 Attempt(s) - 50,00% - Score 0 goal in Penalty Kill

Team Stat

Panthers - Hits : 17 - Faceoff Wins : 31 - Blocked Shots : 14 - Penalty Minutes : 20
Kings - Hits : 27 - Faceoff Wins : 32 - Blocked Shots : 8 - Penalty Minutes : 8

Official

Referees : Joannette Marc and Meier Brad
Linesman : Derek Nansen and Tim Nowak

Game Notes

No Game Note

Finance

Level 1 -- Attendance: 6000 (100,00%) -- Ticket Income 390 000 $
Level 2 -- Attendance: 4910 (98,20%) -- Ticket Income 196 400 $
Level 3 -- Attendance: 2000 (100,00%) -- Ticket Income 40 000 $
Level 4 -- Attendance: 4000 (100,00%) -- Ticket Income 60 000 $
Luxury Box -- Attendance: 1000 (100,00%) -- Ticket Income 125 000 $
Game was played at the Staples Center'
Total Attendance: 17910 (99,50%)
Total Ticket Income: 811 400 $
Other Income: 121 710 $
Total Income: 933 110 $

Panthers

5 vs 5 Forward 
   Center                   Left Wing                Right Wing               Time % Phy DF OF 
 1 Sidney Crosby            Taylor Hall              Marian Hossa             40     0   2  3  
 2 Scott Gomez              Jeff Tambellini          Peter Prucha             30     0   2  3  
 3 Mats Sundin              Ryan Bayda               Alexander Perezhogin     20     1   2  2  
 4 Rickard Wallin           Alexei Ponikarovsky      Branko Radivojevic       10     1   2  2  

5 vs 5 Defense 
   Defense                  Defense                                           Time % Phy DF OF 
 1 Bryan McCabe             Ryan Parent                                       40     0   2  3  
 2 Ryan Suter               Tom Preissing                                     30     0   2  3  
 3 Nick Schultz             Keith Aulie                                       20     1   2  2  
 4 Bryan McCabe             Ryan Parent                                       10     1   2  2  

PowerPlay Forward 
   Center                   Left Wing                Right Wing               Time % Phy DF OF 
 1 Sidney Crosby            Taylor Hall              Marian Hossa             60     0   1  4  
 2 Scott Gomez              Jeff Tambellini          Peter Prucha             40     0   1  4  

PowerPlay Defense
   Defense                  Defense                                           Time % Phy DF OF 
 1 Bryan McCabe             Ryan Parent                                       60     0   2  3  
 2 Ryan Suter               Nick Schultz                                      40     0   2  3  

Penalty Kill 4 Players Forward 
   Center                   Wing                     Time % Phy DF OF 
 1 Sidney Crosby            Marian Hossa             60     1   4  0  
 2 Scott Gomez              Alexei Ponikarovsky      40     1   4  0  

Penalty Kill 4 Players Defense
   Defense                  Defense                  Time % Phy DF OF 
 1 Ryan Parent              Tom Preissing            60     1   4  0  
 2 Bryan McCabe             Ryan Suter               40     1   4  0  

Penalty Kill - 3 Players Forward 
   Forward                                           Time % Phy DF OF 
 1 Sidney Crosby                                     60     1   4  0  
 2 Scott Gomez                                       40     1   4  0  

Penalty Kill - 3 Players Defense
   Defense                  Defense                  Time % Phy DF OF 
 1 Ryan Parent              Tom Preissing            60     1   4  0  
 2 Bryan McCabe             Ryan Suter               40     1   4  0  

4 vs 4 Forward 
   Center                   Wing                     Time % Phy DF OF 
 1 Sidney Crosby            Taylor Hall              60     0   2  3  
 2 Scott Gomez              Marian Hossa             40     0   2  3  

4 vs 4 Defense
   Defense                  Defense                  Time % Phy DF OF 
 1 Bryan McCabe             Ryan Parent              60     1   2  2  
 2 Ryan Suter               Nick Schultz             40     1   2  2  

Last Minutes Offensive
   Center                   Left Wing                Right Wing               Defense                  Defense                  
   Sidney Crosby            Taylor Hall              Marian Hossa             Bryan McCabe             Ryan Parent              

Last Minutes Defensive
   Center                   Left Wing                Right Wing               Defense                  Defense                  
   Sidney Crosby            Taylor Hall              Marian Hossa             Tom Preissing            Ryan Parent              

Goaltenders
Starting : Antti Niemi              
Backup : Jeff Deslauriers         

Extra Forwards
Normal : Scott Gomez, Taylor Hall, Sidney Crosby - PP : Scott Gomez, Sidney Crosby - PK : Taylor Hall
Extra Defensemen
Normal : Ryan Suter, Ryan Parent, Tom Preissing - PP : Tom Preissing - PK : Nick Schultz, Keith Aulie
Penalty Shots
Sidney Crosby, Peter Prucha, Scott Gomez, Marian Hossa, Jeff Tambellini

Kings

5 vs 5 Forward 
   Center                   Left Wing                Right Wing               Time % Phy DF OF 
 1 Anze Kopitar             Guillaume Latendresse    Loui Eriksson            30     1   1  3  
 2 Matt Duchene             Andrei Kostitsyn         Vladimir Tarasenko       30     0   3  2  
 3 Boyd Devereaux           Scottie Upshall          Miroslav Satan           25     0   3  2  
 4 Jordan Nolan             Martin Samuelsson        Dustin Byfuglien         15     0   4  1  

5 vs 5 Defense 
   Defense                  Defense                                           Time % Phy DF OF 
 1 Dion Phaneuf             Tomas Kaberle                                     40     1   3  1  
 2 Johnny Oduya             Trevor Daley                                      35     1   3  1  
 3 Drew Doughty             Lubomir Visnovsky                                 25     1   3  1  
 4 Dion Phaneuf             Drew Doughty                                      0      1   3  1  

PowerPlay Forward 
   Center                   Left Wing                Right Wing               Time % Phy DF OF 
 1 Anze Kopitar             Andrei Kostitsyn         Jordan Nolan             60     1   1  3  
 2 Matt Duchene             Guillaume Latendresse    Vladimir Tarasenko       40     0   2  3  

PowerPlay Defense
   Defense                  Defense                                           Time % Phy DF OF 
 1 Drew Doughty             Dion Phaneuf                                      60     0   2  3  
 2 Johnny Oduya             Loui Eriksson                                     40     0   3  2  

Penalty Kill 4 Players Forward 
   Center                   Wing                     Time % Phy DF OF 
 1 Boyd Devereaux           Martin Samuelsson        60     0   4  1  
 2 Dustin Byfuglien         Scottie Upshall          40     0   4  1  

Penalty Kill 4 Players Defense
   Defense                  Defense                  Time % Phy DF OF 
 1 Lubomir Visnovsky        Johnny Oduya             60     1   4  0  
 2 Dion Phaneuf             Drew Doughty             40     1   4  0  

Penalty Kill - 3 Players Forward 
   Forward                                           Time % Phy DF OF 
 1 Boyd Devereaux                                    60     0   4  1  
 2 Dustin Byfuglien                                  40     0   4  1  

Penalty Kill - 3 Players Defense
   Defense                  Defense                  Time % Phy DF OF 
 1 Lubomir Visnovsky        Johnny Oduya             60     1   4  0  
 2 Drew Doughty             Dion Phaneuf             40     1   4  0  

4 vs 4 Forward 
   Center                   Wing                     Time % Phy DF OF 
 1 Anze Kopitar             Guillaume Latendresse    60     1   2  2  
 2 Matt Duchene             Andrei Kostitsyn         40     1   2  2  

4 vs 4 Defense
   Defense                  Defense                  Time % Phy DF OF 
 1 Dion Phaneuf             Drew Doughty             60     1   2  2  
 2 Johnny Oduya             Trevor Daley             40     1   2  2  

Last Minutes Offensive
   Center                   Left Wing                Right Wing               Defense                  Defense                  
   Matt Duchene             Andrei Kostitsyn         Anze Kopitar             Drew Doughty             Dion Phaneuf             

Last Minutes Defensive
   Center                   Left Wing                Right Wing               Defense                  Defense                  
   Boyd Devereaux           Martin Samuelsson        Dustin Byfuglien         Dion Phaneuf             Johnny Oduya             

Goaltenders
Starting : Viktor Fasth             
Backup : Jean-Sébastien Giguère   

Extra Forwards
Normal : Jordan Nolan, Matt Duchene, Dustin Byfuglien - PP : Scottie Upshall, Dustin Byfuglien - PK : Anze Kopitar
Extra Defensemen
Normal : Drew Doughty, Dion Phaneuf, Johnny Oduya - PP : Trevor Daley - PK : Trevor Daley, Tomas Kaberle
Penalty Shots
Anze Kopitar, Loui Eriksson, Guillaume Latendresse, Andrei Kostitsyn, Boyd Devereaux

% Time on Ice - Panthers

Lines # - Real PCT - Wanted PCT - Time Play
Normal Forward
1 - 32% - 40% - 12:19
2 - 31% - 30% - 12:16
3 - 20% - 20% - 7:46
4 - 17% - 10% - 6:36
Normal Defense
1 - 45% - 40% - 17:38
2 - 33% - 30% - 12:42
3 - 20% - 20% - 7:52
4 - 2% - 10% - 0:45
PP Forward
1 - 61% - 60% - 3:28
2 - 39% - 40% - 2:13
PP Defense
1 - 42% - 60% - 2:24
2 - 58% - 40% - 3:17
PK Forward
1 - 73% - 60% - 10:43
2 - 27% - 40% - 3:52
PK Defense
1 - 64% - 60% - 9:17
2 - 36% - 40% - 5:18
PK3 Forward
1 - 0% - 60%
2 - 0% - 40%
PK3 Defense
1 - 0% - 60%
2 - 0% - 40%
44 Forward
1 - 0% - 60%
2 - 0% - 40%
44 Defense
1 - 0% - 60%
2 - 0% - 40%
Last Minute Offensive  - 0:47
Last Minute Defensive  - 0:00
Total
Forward - 60:00
Defense - 60:00

% Time on Ice - Kings

Lines # - Real PCT - Wanted PCT - Time Play
Normal Forward
1 - 29% - 30% - 11:18
2 - 26% - 30% - 10:00
3 - 29% - 25% - 11:20
4 - 15% - 15% - 5:53
Normal Defense
1 - 41% - 40% - 15:50
2 - 37% - 35% - 14:13
3 - 22% - 25% - 8:28
4 - 0% - 0% - 0:00
PP Forward
1 - 57% - 60% - 8:16
2 - 43% - 40% - 6:19
PP Defense
1 - 61% - 60% - 8:52
2 - 39% - 40% - 5:43
PK Forward
1 - 73% - 60% - 4:08
2 - 27% - 40% - 1:33
PK Defense
1 - 58% - 60% - 3:17
2 - 42% - 40% - 2:24
PK3 Forward
1 - 0% - 60%
2 - 0% - 40%
PK3 Defense
1 - 0% - 60%
2 - 0% - 40%
44 Forward
1 - 0% - 60%
2 - 0% - 40%
44 Defense
1 - 0% - 60%
2 - 0% - 40%
Last Minute Offensive  - 0:00
Last Minute Defensive  - 1:13
Total
Forward - 60:00
Defense - 60:00

Play by Play

1st period


0:01 of 1st period - Anze Kopitar wins face-off versus Sidney Crosby in neutral zone.
0:08 of 1st period - Ryan Parent is hit by Dion Phaneuf and loses puck.
0:15 of 1st period - Wrist shot by Guillaume Latendresse.
0:15 of 1st period - Shot Misses the Net.
0:17 of 1st period - Wrist shot by Loui Eriksson.
0:17 of 1st period - Shot Misses the Net.
0:38 of 1st period - Snap shot by Scott Gomez.
0:38 of 1st period - Stopped by Viktor Fasth with a rebound.
1:38 of 1st period - Wrist shot by Sidney Crosby.
1:38 of 1st period - Deflect By Marian Hossa.
1:38 of 1st period - Stopped by Viktor Fasth without a rebound.
1:39 of 1st period - Sidney Crosby wins face-off versus Matt Duchene in Kings zone.
2:11 of 1st period - Keith Aulie is hit by Scottie Upshall and loses puck.
2:56 of 1st period - Branko Radivojevic is hit by Jordan Nolan and loses puck.
3:09 of 1st period - Nick Schultz is hit by Dion Phaneuf and loses puck.
3:22 of 1st period - Snap shot by Marian Hossa.
3:22 of 1st period - Shot Misses the Net.
4:41 of 1st period - Wrist shot by Jeff Tambellini.
4:41 of 1st period - Deflect By Peter Prucha.
4:41 of 1st period - Stopped by Viktor Fasth with a rebound.
4:57 of 1st period - Backhand shot by Miroslav Satan.
4:57 of 1st period - Stopped by Antti Niemi without a rebound.
4:58 of 1st period - Rickard Wallin wins face-off versus Matt Duchene in Panthers zone.
5:18 of 1st period - Lubomir Visnovsky is hit by Tom Preissing and loses puck.
5:23 of 1st period - Slapshot by Rickard Wallin.
5:23 of 1st period - Stopped by Viktor Fasth without a rebound.
5:24 of 1st period - Anze Kopitar wins face-off versus Sidney Crosby in Kings zone.
6:04 of 1st period - Slapshot by Scott Gomez.
6:04 of 1st period - Deflect By Peter Prucha.
6:04 of 1st period - Shot Misses the Net.
6:04 of 1st period - Puck is out of play.
6:05 of 1st period - Mats Sundin wins face-off versus Matt Duchene in Kings zone.
6:06 of 1st period - Wrist shot by Ryan Bayda.
6:06 of 1st period - Shot Misses the Net.
6:08 of 1st period - Wrist shot by Ryan Suter.
6:08 of 1st period - Shot Blocked by Lubomir Visnovsky.
6:10 of 1st period - Slapshot by Ryan Suter.
6:10 of 1st period - Shot Misses the Net.
6:12 of 1st period - Snap shot by Alexander Perezhogin.
6:12 of 1st period - Stopped by Viktor Fasth with a rebound.
6:20 of 1st period - Wrist shot by Alexander Perezhogin.
6:20 of 1st period - Stopped by Viktor Fasth with a rebound.
6:32 of 1st period - Tom Preissing is hit by Anze Kopitar and loses puck.
6:55 of 1st period - Wrist shot by Scottie Upshall.
6:55 of 1st period - Shot Misses the Net.
7:07 of 1st period - Minor Penalty to Keith Aulie for Holding.
7:08 of 1st period - Sidney Crosby wins face-off versus Anze Kopitar in Panthers zone.
8:03 of 1st period - Marian Hossa is hit by Jordan Nolan.
9:07 of 1st period - Penalty to Keith Aulie is over, Keith Aulie is back on ice.
9:10 of 1st period - Snap shot by Miroslav Satan.
9:10 of 1st period - Shot Misses the Net.
9:16 of 1st period - Marian Hossa is hit by Miroslav Satan and loses puck.
9:36 of 1st period - Dustin Byfuglien is hit by Sidney Crosby.
10:10 of 1st period - Matt Duchene is hit by Scott Gomez.
11:09 of 1st period - Icing by Alexei Ponikarovsky.
11:10 of 1st period - Rickard Wallin wins face-off versus Matt Duchene in Panthers zone.
11:15 of 1st period - Slapshot by Alexei Ponikarovsky.
11:15 of 1st period - Stopped by Viktor Fasth with a rebound.
11:17 of 1st period - Snap shot by Rickard Wallin.
11:17 of 1st period - Shot Hit the Post.
11:19 of 1st period - Snap shot by Nick Schultz.
11:19 of 1st period - Shot Blocked by Johnny Oduya.
11:21 of 1st period - Snap shot by Rickard Wallin.
11:21 of 1st period - Stopped by Viktor Fasth with a rebound.
11:35 of 1st period - Mats Sundin is hit by Scottie Upshall.
11:55 of 1st period - Bryan McCabe is hit by Martin Samuelsson and loses puck.
12:10 of 1st period - Peter Prucha is hit by Andrei Kostitsyn and loses puck.
12:19 of 1st period - Wrist shot by Matt Duchene.
12:19 of 1st period - Stopped by Antti Niemi without a rebound.
12:20 of 1st period - Sidney Crosby wins face-off versus Anze Kopitar in Panthers zone.
12:51 of 1st period - Snap shot by Matt Duchene.
12:51 of 1st period - Deflect By Vladimir Tarasenko.
12:51 of 1st period - Shot Blocked by Mats Sundin.
12:51 of 1st period - Puck is out of play.
12:52 of 1st period - Matt Duchene wins face-off versus Sidney Crosby in Panthers zone.
13:07 of 1st period - Wrist shot by Marian Hossa.
13:07 of 1st period - Shot Misses the Net.
13:35 of 1st period - Minor Penalty to Matt Duchene for Holding.
13:36 of 1st period - Boyd Devereaux wins face-off versus Sidney Crosby in Kings zone.
13:49 of 1st period - Wrist shot by Marian Hossa.
13:49 of 1st period - Goal by Marian Hossa - Panthers : 1 - Kings : 0.
13:50 of 1st period - Anze Kopitar wins face-off versus Sidney Crosby in neutral zone.
14:06 of 1st period - Icing by Dion Phaneuf.
14:07 of 1st period - Anze Kopitar wins face-off versus Scott Gomez in Kings zone.
14:20 of 1st period - Snap shot by Guillaume Latendresse.
14:20 of 1st period - Deflect By Anze Kopitar.
14:20 of 1st period - Shot Misses the Net.
14:20 of 1st period - Puck is out of play.
14:21 of 1st period - Miroslav Satan wins face-off versus Sidney Crosby in Panthers zone.
14:56 of 1st period - Slapshot by Loui Eriksson.
14:56 of 1st period - Shot Misses the Net.
15:16 of 1st period - Snap shot by Alexander Perezhogin.
15:16 of 1st period - Shot Blocked by Tomas Kaberle.
15:37 of 1st period - Minor Penalty to Jordan Nolan for Roughing.
15:38 of 1st period - Sidney Crosby wins face-off versus Boyd Devereaux in Kings zone.
16:30 of 1st period - Ryan Parent is hit by Dustin Byfuglien and loses puck.
16:52 of 1st period - Snap shot by Andrei Kostitsyn.
16:52 of 1st period - Shot Misses the Net.
17:37 of 1st period - Penalty to Jordan Nolan is over, Jordan Nolan is back on ice.
17:44 of 1st period - Minor Penalty to Dion Phaneuf for Hooking.
17:45 of 1st period - Sidney Crosby wins face-off versus Boyd Devereaux in Kings zone.
18:26 of 1st period - Scottie Upshall is hit by Marian Hossa and loses puck.
18:55 of 1st period - Dustin Byfuglien is hit by Bryan McCabe and loses puck.
19:44 of 1st period - Penalty to Dion Phaneuf is over, Dion Phaneuf is back on ice.
Goals for this period are 1 for Panthers vs 0 for Kings.
Shots for this period are 9 for Panthers vs 2 for Kings.

2nd period


0:01 of 2nd period - Sidney Crosby wins face-off versus Anze Kopitar in neutral zone.
0:04 of 2nd period - Trevor Daley is hit by Marian Hossa and loses puck.
0:16 of 2nd period - Snap shot by Trevor Daley.
0:16 of 2nd period - Shot Misses the Net.
0:31 of 2nd period - Minor Penalty to Boyd Devereaux for Hooking.
0:32 of 2nd period - Anze Kopitar wins face-off versus Sidney Crosby in Kings zone.
1:00 of 2nd period - Snap shot by Jeff Tambellini.
1:00 of 2nd period - Stopped by Viktor Fasth with a rebound.
1:02 of 2nd period - Snap shot by Peter Prucha.
1:02 of 2nd period - Stopped by Viktor Fasth without a rebound.
1:03 of 2nd period - Scott Gomez wins face-off versus Anze Kopitar in Kings zone.
1:33 of 2nd period - Icing by Nick Schultz.
1:34 of 2nd period - Sidney Crosby wins face-off versus Jordan Nolan in Panthers zone.
1:39 of 2nd period - Lubomir Visnovsky is hit by Sidney Crosby and loses puck.
1:58 of 2nd period - Wrist shot by Marian Hossa.
1:58 of 2nd period - Stopped by Viktor Fasth with a rebound.
2:00 of 2nd period - Slapshot by Ryan Suter.
2:00 of 2nd period - Deflect By Jordan Nolan.
2:00 of 2nd period - Goal by Ryan Suter - Panthers : 2 - Kings : 0.
2:01 of 2nd period - Sidney Crosby wins face-off versus Anze Kopitar in neutral zone.
2:10 of 2nd period - Snap shot by Taylor Hall.
2:10 of 2nd period - Stopped by Viktor Fasth with a rebound.
3:30 of 2nd period - Wrist shot by Taylor Hall.
3:30 of 2nd period - Deflect By Anze Kopitar.
3:30 of 2nd period - Stopped by Viktor Fasth with a rebound.
4:11 of 2nd period - Minor Penalty to Ryan Bayda for Hooking.
4:12 of 2nd period - Anze Kopitar wins face-off versus Sidney Crosby in Panthers zone.
4:48 of 2nd period - Wrist shot by Dion Phaneuf.
4:48 of 2nd period - Shot Misses the Net.
4:50 of 2nd period - Snap shot by Vladimir Tarasenko.
4:50 of 2nd period - Stopped by Antti Niemi with a rebound.
5:06 of 2nd period - Marian Hossa is hit by Loui Eriksson and loses puck.
6:11 of 2nd period - Penalty to Ryan Bayda is over, Ryan Bayda is back on ice.
6:21 of 2nd period - Snap shot by Jeff Tambellini.
6:21 of 2nd period - Shot Misses the Net.
6:23 of 2nd period - Wrist shot by Mats Sundin.
6:23 of 2nd period - Shot Blocked by Trevor Daley.
6:25 of 2nd period - Slapshot by Tom Preissing.
6:25 of 2nd period - Shot Blocked by Scottie Upshall.
6:27 of 2nd period - Slapshot by Tom Preissing.
6:27 of 2nd period - Stopped by Viktor Fasth without a rebound.
6:28 of 2nd period - Boyd Devereaux wins face-off versus Peter Prucha in Kings zone.
6:28 of 2nd period - Boyd Devereaux is hit by Jeff Tambellini.
6:34 of 2nd period - Slapshot by Scottie Upshall.
6:34 of 2nd period - Stopped by Antti Niemi without a rebound.
6:35 of 2nd period - Scott Gomez wins face-off versus Boyd Devereaux in Panthers zone.
6:52 of 2nd period - Scott Gomez is hit by Boyd Devereaux and loses puck.
7:11 of 2nd period - Slapshot by Scott Gomez.
7:11 of 2nd period - Deflect By Jeff Tambellini.
7:11 of 2nd period - Stopped by Viktor Fasth without a rebound.
7:12 of 2nd period - Anze Kopitar wins face-off versus Sidney Crosby in Kings zone.
7:17 of 2nd period - Slapshot by Drew Doughty.
7:17 of 2nd period - Deflect By Anze Kopitar.
7:17 of 2nd period - Stopped by Antti Niemi without a rebound.
7:18 of 2nd period - Sidney Crosby wins face-off versus Anze Kopitar in Panthers zone.
7:18 of 2nd period - Sidney Crosby is hit by Guillaume Latendresse.
7:30 of 2nd period - Snap shot by Taylor Hall.
7:30 of 2nd period - Shot Blocked by Drew Doughty.
7:52 of 2nd period - Wrist shot by Matt Duchene.
7:52 of 2nd period - Deflect By Andrei Kostitsyn.
7:52 of 2nd period - Shot Misses the Net.
7:52 of 2nd period - Puck is out of play.
7:53 of 2nd period - Matt Duchene wins face-off versus Sidney Crosby in Panthers zone.
8:02 of 2nd period - Snap shot by Sidney Crosby.
8:02 of 2nd period - Stopped by Viktor Fasth with a rebound.
8:04 of 2nd period - Slapshot by Bryan McCabe.
8:04 of 2nd period - Stopped by Viktor Fasth without a rebound.
8:05 of 2nd period - Anze Kopitar wins face-off versus Sidney Crosby in Kings zone.
8:31 of 2nd period - Anze Kopitar is hit by Ryan Bayda and loses puck.
8:54 of 2nd period - Slapshot by Anze Kopitar.
8:54 of 2nd period - Stopped by Antti Niemi with a rebound.
9:57 of 2nd period - Wrist shot by Andrei Kostitsyn.
9:57 of 2nd period - Shot Misses the Net.
10:19 of 2nd period - Snap shot by Scott Gomez.
10:19 of 2nd period - Shot Blocked by Miroslav Satan.
10:21 of 2nd period - Wrist shot by Scott Gomez.
10:21 of 2nd period - Stopped by Viktor Fasth without a rebound.
10:22 of 2nd period - Scott Gomez wins face-off versus Boyd Devereaux in Kings zone.
10:37 of 2nd period - Wrist shot by Boyd Devereaux.
10:37 of 2nd period - Shot Misses the Net.
10:55 of 2nd period - Slapshot by Andrei Kostitsyn.
10:55 of 2nd period - Shot Misses the Net.
10:57 of 2nd period - Slapshot by Drew Doughty.
10:57 of 2nd period - Stopped by Antti Niemi without a rebound.
10:58 of 2nd period - Scott Gomez wins face-off versus Boyd Devereaux in Panthers zone.
11:24 of 2nd period - Wrist shot by Dustin Byfuglien.
11:24 of 2nd period - Stopped by Antti Niemi with a rebound.
11:26 of 2nd period - Snap shot by Dustin Byfuglien.
11:26 of 2nd period - Goal by Dustin Byfuglien - Panthers : 2 - Kings : 1.
11:27 of 2nd period - Matt Duchene wins face-off versus Sidney Crosby in neutral zone.
11:53 of 2nd period - Scottie Upshall is hit by Peter Prucha.
12:06 of 2nd period - Backhand shot by Scott Gomez.
12:06 of 2nd period - Stopped by Viktor Fasth with a rebound.
12:13 of 2nd period - Minor Penalty to Peter Prucha for Hooking.
12:14 of 2nd period - Anze Kopitar wins face-off versus Sidney Crosby in Panthers zone.
12:24 of 2nd period - Sidney Crosby is hit by Drew Doughty and loses puck.
13:03 of 2nd period - Icing by Anze Kopitar.
13:04 of 2nd period - Sidney Crosby wins face-off versus Anze Kopitar in Kings zone.
13:05 of 2nd period - Slapshot by Marian Hossa.
13:05 of 2nd period - Shot Misses the Net.
13:33 of 2nd period - Snap shot by Anze Kopitar.
13:33 of 2nd period - Stopped by Antti Niemi without a rebound.
13:34 of 2nd period - Matt Duchene wins face-off versus Sidney Crosby in Panthers zone.
13:35 of 2nd period - Wrist shot by Guillaume Latendresse.
13:35 of 2nd period - Shot Blocked by Ryan Parent.
13:37 of 2nd period - Snap shot by Johnny Oduya.
13:37 of 2nd period - Shot Misses the Net.
13:39 of 2nd period - Snap shot by Johnny Oduya.
13:39 of 2nd period - Stopped by Antti Niemi with a rebound.
14:13 of 2nd period - Penalty to Peter Prucha is over, Peter Prucha is back on ice.
14:19 of 2nd period - Nick Schultz is hit by Scottie Upshall and loses puck.
14:24 of 2nd period - Slapshot by Scottie Upshall.
14:24 of 2nd period - Shot Hit the Post.
14:26 of 2nd period - Slapshot by Trevor Daley.
14:26 of 2nd period - Stopped by Antti Niemi with a rebound.
14:28 of 2nd period - Snap shot by Boyd Devereaux.
14:28 of 2nd period - Shot Blocked by Keith Aulie.
14:38 of 2nd period - Jordan Nolan is hit by Scott Gomez and loses puck.
15:36 of 2nd period - Double Minor Penalty to Rickard Wallin for Roughing.
15:37 of 2nd period - Anze Kopitar wins face-off versus Sidney Crosby in Panthers zone.
16:09 of 2nd period - Wrist shot by Guillaume Latendresse.
16:09 of 2nd period - Shot Blocked by Bryan McCabe.
17:49 of 2nd period - Ryan Suter is hit by Drew Doughty and loses puck.
18:19 of 2nd period - Ryan Parent is hit by Andrei Kostitsyn and loses puck.
18:55 of 2nd period - Wrist shot by Scottie Upshall.
18:55 of 2nd period - Stopped by Antti Niemi without a rebound.
18:56 of 2nd period - Taylor Hall wins face-off versus Scottie Upshall in Panthers zone.
19:05 of 2nd period - Tom Preissing is hit by Miroslav Satan and loses puck.
19:36 of 2nd period - Penalty to Rickard Wallin is over, Rickard Wallin is back on ice.
19:42 of 2nd period - Snap shot by Miroslav Satan.
19:42 of 2nd period - Stopped by Antti Niemi with a rebound.
19:44 of 2nd period - Snap shot by Scottie Upshall.
19:44 of 2nd period - Shot Misses the Net.
19:50 of 2nd period - Minor Penalty to Ryan Suter for Hooking.
19:51 of 2nd period - Matt Duchene wins face-off versus Sidney Crosby in Panthers zone.
19:52 of 2nd period - Snap shot by Drew Doughty.
19:52 of 2nd period - Stopped by Antti Niemi without a rebound.
19:53 of 2nd period - Matt Duchene wins face-off versus Sidney Crosby in Panthers zone.
19:56 of 2nd period - Slapshot by Drew Doughty.
19:56 of 2nd period - Shot Blocked by Bryan McCabe.
19:58 of 2nd period - Snap shot by Vladimir Tarasenko.
19:58 of 2nd period - Shot Misses the Net.
Goals for this period are 1 for Panthers vs 1 for Kings.
Shots for this period are 12 for Panthers vs 13 for Kings.

3rd period


0:01 of 3rd period - Sidney Crosby wins face-off versus Anze Kopitar in neutral zone.
0:13 of 3rd period - Icing by Drew Doughty.
0:14 of 3rd period - Sidney Crosby wins face-off versus Anze Kopitar in Kings zone.
0:19 of 3rd period - Slapshot by Sidney Crosby.
0:19 of 3rd period - Stopped by Viktor Fasth with a rebound.
0:25 of 3rd period - Slapshot by Andrei Kostitsyn.
0:25 of 3rd period - Shot Misses the Net.
0:27 of 3rd period - Slapshot by Andrei Kostitsyn.
0:27 of 3rd period - Goal by Andrei Kostitsyn - Panthers : 2 - Kings : 2.
0:28 of 3rd period - Sidney Crosby wins face-off versus Matt Duchene in neutral zone.
0:43 of 3rd period - Wrist shot by Marian Hossa.
0:43 of 3rd period - Stopped by Viktor Fasth with a rebound.
1:17 of 3rd period - Slapshot by Boyd Devereaux.
1:17 of 3rd period - Stopped by Antti Niemi with a rebound.
1:19 of 3rd period - Slapshot by Scottie Upshall.
1:19 of 3rd period - Shot Blocked by Ryan Suter.
1:23 of 3rd period - Wrist shot by Scottie Upshall.
1:23 of 3rd period - Stopped by Antti Niemi without a rebound.
1:24 of 3rd period - Matt Duchene wins face-off versus Sidney Crosby in Panthers zone.
1:25 of 3rd period - Backhand shot by Andrei Kostitsyn.
1:25 of 3rd period - Shot Blocked by Ryan Suter.
1:37 of 3rd period - Icing by Drew Doughty.
1:38 of 3rd period - Sidney Crosby wins face-off versus Matt Duchene in Kings zone.
1:41 of 3rd period - Snap shot by Marian Hossa.
1:41 of 3rd period - Stopped by Viktor Fasth with a rebound.
1:43 of 3rd period - Slapshot by Ryan Parent.
1:43 of 3rd period - Deflect By Taylor Hall.
1:43 of 3rd period - Stopped by Viktor Fasth without a rebound.
1:44 of 3rd period - Matt Duchene wins face-off versus Sidney Crosby in Kings zone.
2:09 of 3rd period - Peter Prucha is hit by Dion Phaneuf and loses puck.
2:18 of 3rd period - Snap shot by Loui Eriksson.
2:18 of 3rd period - Shot Misses the Net.
2:20 of 3rd period - Slapshot by Guillaume Latendresse.
2:20 of 3rd period - Shot Blocked by Ryan Parent.
2:40 of 3rd period - Slapshot by Johnny Oduya.
2:40 of 3rd period - Deflect By Boyd Devereaux.
2:40 of 3rd period - Stopped by Antti Niemi with a rebound.
3:21 of 3rd period - Snap shot by Boyd Devereaux.
3:21 of 3rd period - Shot Misses the Net.
3:23 of 3rd period - Snap shot by Scottie Upshall.
3:23 of 3rd period - Shot Misses the Net.
3:25 of 3rd period - Snap shot by Boyd Devereaux.
3:25 of 3rd period - Deflect By Scottie Upshall.
3:25 of 3rd period - Stopped by Antti Niemi without a rebound.
3:26 of 3rd period - Sidney Crosby wins face-off versus Matt Duchene in Panthers zone.
3:30 of 3rd period - Minor Penalty to Taylor Hall for Roughing.
3:31 of 3rd period - Anze Kopitar wins face-off versus Sidney Crosby in Panthers zone.
3:46 of 3rd period - Slapshot by Marian Hossa.
3:46 of 3rd period - Shot Misses the Net.
3:56 of 3rd period - Scott Gomez is hit by Matt Duchene and loses puck.
5:30 of 3rd period - Penalty to Taylor Hall is over, Taylor Hall is back on ice.
5:37 of 3rd period - Snap shot by Alexander Perezhogin.
5:37 of 3rd period - Shot Hit the Post.
6:30 of 3rd period - Marian Hossa is hit by Jordan Nolan and loses puck.
6:56 of 3rd period - Snap shot by Scottie Upshall.
6:56 of 3rd period - Stopped by Antti Niemi with a rebound.
7:06 of 3rd period - Minor Penalty to Scott Gomez for Interference.
7:07 of 3rd period - Matt Duchene wins face-off versus Sidney Crosby in Panthers zone.
7:08 of 3rd period - Slapshot by Drew Doughty.
7:08 of 3rd period - Goal by Drew Doughty - Panthers : 2 - Kings : 3.
7:09 of 3rd period - Anze Kopitar wins face-off versus Sidney Crosby in neutral zone.
7:26 of 3rd period - Snap shot by Loui Eriksson.
7:26 of 3rd period - Shot Misses the Net.
7:38 of 3rd period - Snap shot by Martin Samuelsson.
7:38 of 3rd period - Shot Misses the Net.
7:40 of 3rd period - Snap shot by Martin Samuelsson.
7:40 of 3rd period - Shot Misses the Net.
8:05 of 3rd period - Snap shot by Scottie Upshall.
8:05 of 3rd period - Deflect By Miroslav Satan.
8:05 of 3rd period - Stopped by Antti Niemi without a rebound.
8:06 of 3rd period - Scott Gomez wins face-off versus Vladimir Tarasenko in Panthers zone.
8:17 of 3rd period - Snap shot by Peter Prucha.
8:17 of 3rd period - Stopped by Viktor Fasth with a rebound.
8:19 of 3rd period - Wrist shot by Scott Gomez.
8:19 of 3rd period - Stopped by Viktor Fasth without a rebound.
8:20 of 3rd period - Anze Kopitar wins face-off versus Scott Gomez in Kings zone.
8:45 of 3rd period - Snap shot by Rickard Wallin.
8:45 of 3rd period - Stopped by Viktor Fasth with a rebound.
8:51 of 3rd period - Snap shot by Anze Kopitar.
8:51 of 3rd period - Shot Misses the Net.
8:53 of 3rd period - Snap shot by Guillaume Latendresse.
8:53 of 3rd period - Stopped by Antti Niemi with a rebound.
9:35 of 3rd period - Wrist shot by Guillaume Latendresse.
9:35 of 3rd period - Shot Misses the Net.
9:37 of 3rd period - Slapshot by Guillaume Latendresse.
9:37 of 3rd period - Stopped by Antti Niemi with a rebound.
9:39 of 3rd period - Slapshot by Tomas Kaberle.
9:39 of 3rd period - Deflect By Anze Kopitar.
9:39 of 3rd period - Shot Misses the Net.
9:39 of 3rd period - Puck is out of play.
9:40 of 3rd period - Sidney Crosby wins face-off versus Matt Duchene in Panthers zone.
9:40 of 3rd period - Sidney Crosby is hit by Trevor Daley.
10:05 of 3rd period - Jeff Tambellini is hit by Jordan Nolan and loses puck.
10:54 of 3rd period - Slapshot by Drew Doughty.
10:54 of 3rd period - Deflect By Miroslav Satan.
10:54 of 3rd period - Shot Blocked by Bryan McCabe.
10:54 of 3rd period - Puck is out of play.
10:55 of 3rd period - Matt Duchene wins face-off versus Scott Gomez in Panthers zone.
11:06 of 3rd period - Slapshot by Andrei Kostitsyn.
11:06 of 3rd period - Shot Blocked by Tom Preissing.
11:08 of 3rd period - Slapshot by Drew Doughty.
11:08 of 3rd period - Shot Blocked by Ryan Suter.
11:10 of 3rd period - Wrist shot by Vladimir Tarasenko.
11:10 of 3rd period - Stopped by Antti Niemi with a rebound.
11:20 of 3rd period - Drew Doughty is hit by Marian Hossa and loses puck.
11:29 of 3rd period - Slapshot by Taylor Hall.
11:29 of 3rd period - Shot Misses the Net.
12:03 of 3rd period - Alexei Ponikarovsky is hit by Anze Kopitar and loses puck.
12:10 of 3rd period - Wrist shot by Anze Kopitar.
12:10 of 3rd period - Stopped by Antti Niemi without a rebound.
12:11 of 3rd period - Matt Duchene wins face-off versus Sidney Crosby in Panthers zone.
12:41 of 3rd period - Guillaume Latendresse is hit by Peter Prucha and loses puck.
13:57 of 3rd period - Slapshot by Anze Kopitar.
13:57 of 3rd period - Stopped by Antti Niemi without a rebound.
13:58 of 3rd period - Anze Kopitar wins face-off versus Jeff Tambellini in Panthers zone.
14:52 of 3rd period - Slapshot by Miroslav Satan.
14:52 of 3rd period - Shot Blocked by Marian Hossa.
15:03 of 3rd period - Icing by Bryan McCabe.
15:04 of 3rd period - Rickard Wallin wins face-off versus Jordan Nolan in Panthers zone.
15:04 of 3rd period - Rickard Wallin is hit by Jordan Nolan.
15:17 of 3rd period - Minor Penalty to Rickard Wallin for Holding.
15:18 of 3rd period - Anze Kopitar wins face-off versus Sidney Crosby in Panthers zone.
16:28 of 3rd period - Johnny Oduya is hit by Scott Gomez and loses puck.
17:11 of 3rd period - Bryan McCabe is hit by Vladimir Tarasenko and loses puck.
17:17 of 3rd period - Penalty to Rickard Wallin is over, Rickard Wallin is back on ice.
17:27 of 3rd period - Off-side.
17:28 of 3rd period - Boyd Devereaux wins face-off versus Scott Gomez in neutral zone.
17:31 of 3rd period - Slapshot by Johnny Oduya.
17:31 of 3rd period - Deflect By Boyd Devereaux.
17:31 of 3rd period - Deflect By Scott Gomez.
17:31 of 3rd period - Shot Blocked by Jeff Tambellini.
17:31 of 3rd period - Puck is out of play.
17:32 of 3rd period - Scott Gomez wins face-off versus Boyd Devereaux in Panthers zone.
17:39 of 3rd period - Scottie Upshall is hit by Peter Prucha and loses puck.
18:03 of 3rd period - Wrist shot by Scott Gomez.
18:03 of 3rd period - Deflect By Scottie Upshall.
18:03 of 3rd period - Shot Blocked by Johnny Oduya.
18:03 of 3rd period - Puck is out of play.
18:04 of 3rd period - Mats Sundin wins face-off versus Jordan Nolan in Kings zone.
18:31 of 3rd period - Dion Phaneuf is hit by Marian Hossa and loses puck.
19:19 of 3rd period - Slapshot by Drew Doughty.
19:19 of 3rd period - Shot Blocked by Sidney Crosby.
19:21 of 3rd period - Wrist shot by Jordan Nolan.
19:21 of 3rd period - Shot Misses the Net.
19:23 of 3rd period - Snap shot by Boyd Devereaux.
19:23 of 3rd period - Shot Misses the Net.
19:25 of 3rd period - Backhand shot by Matt Duchene.
19:25 of 3rd period - Shot Misses the Net.
19:27 of 3rd period - Slapshot by Boyd Devereaux.
19:27 of 3rd period - Stopped by Antti Niemi without a rebound.
19:28 of 3rd period - Alain Vigneault call a timeout for Panthers.
19:28 of 3rd period - Sidney Crosby wins face-off versus Boyd Devereaux in Panthers zone.
19:39 of 3rd period - Slapshot by Drew Doughty.
19:39 of 3rd period - Deflect By Matt Duchene.
19:39 of 3rd period - Shot Misses the Net.
19:39 of 3rd period - Puck is out of play.
19:40 of 3rd period - Boyd Devereaux wins face-off versus Sidney Crosby in Panthers zone.
19:43 of 3rd period - Slapshot by Drew Doughty.
19:43 of 3rd period - Stopped by Antti Niemi without a rebound.
19:44 of 3rd period - Boyd Devereaux wins face-off versus Sidney Crosby in Panthers zone.
19:44 of 3rd period - Drew Doughty is hit by Marian Hossa and loses puck.
19:54 of 3rd period - Wrist shot by Jordan Nolan.
19:54 of 3rd period - Stopped by Antti Niemi without a rebound.
19:55 of 3rd period - Sidney Crosby wins face-off versus Boyd Devereaux in Panthers zone.
19:57 of 3rd period - Minor Penalty to Marian Hossa for Hooking.
19:58 of 3rd period - Sidney Crosby wins face-off versus Anze Kopitar in Panthers zone.
Goals for this period are 0 for Panthers vs 2 for Kings.
Shots for this period are 7 for Panthers vs 16 for Kings.


Output by the SimonT Hockey Simulator (STHS) for François Prévost -- Original Page W3C XHTML 1.0 Valid
Hockey Simulator - Hockey Simulation - Hockey Manager